Cogmind - Beta 16 @@@ ROGUE MODE // 2025.10.29 @ 18:25:00 // Winter2019/RPGLIKE Player: Jaegerpls Result: Destroyed by G-67 Veteran with Field Laser Performance ------------- Evolutions (6) 3000 Regions Visited (17) 3400 Robots Destroyed (235) 1175 Value Destroyed (8498) 8498 Prototype IDs (54) 1080 Alien Tech Used (3) 600 Bonus (2405) 2405 TOTAL SCORE: 20158 Bonus ------- High Alert Combat Kills 109 Follower Combat Kills 196 Destroyed Unchained 1000 Entered DSFs 500 Met Data Miner 300 Met Zhirov 300 Cogmind --------- Core Integrity 0/800 Matter 292/300 Energy 185/185 System Corruption 0% Temperature Cool (12) Movement Flying (13) Location -4/Factory Parts ------- > --- POWER (3) -------- Micro Fission Core Improved Fusion Compressor Compact Particle Reactor > --- PROPULSION (7) --- Nuclear Pulse Thruster Nuclear Pulse Thruster Impulse Thruster Advanced Surge Thruster Advanced Surge Thruster Advanced Surge Thruster Advanced Surge Thruster > --- UTILITY (10) ----- Advanced Signal Interpreter Zeronet Interface Advanced Melee Analysis Suite Core Analyzer Improved Armor Integrity Analyzer Advanced Transmission Jammer Advanced Reaction Control System Point Defense System Advanced System Shield Advanced System Restoration Module > --- WEAPON (6) ------- Scythe Scythe Scythe Power Sword Power Sword Falx > --- INVENTORY (4) ---- Light Angular Momentum Engine Advanced ECM Suite 6S-H0T's Six Shooter (1) Advanced Datajack Peak State ------------ > --- POWER ------------ Micro Fission Core Improved Fusion Compressor Compact Particle Reactor > --- PROPULSION ------- Nuclear Pulse Thruster Nuclear Pulse Thruster Impulse Thruster Advanced Surge Thruster Advanced Surge Thruster Advanced Surge Thruster Advanced Surge Thruster > --- UTILITY ---------- Advanced Signal Interpreter Zeronet Interface Advanced Melee Analysis Suite Core Analyzer Improved Armor Integrity Analyzer Advanced Transmission Jammer Advanced Reaction Control System Point Defense System Advanced System Shield Advanced System Restoration Module > --- WEAPON ----------- Scythe Scythe Scythe Power Sword Power Sword Falx > --- INVENTORY -------- Light Angular Momentum Engine Advanced ECM Suite 6S-H0T's Six Shooter Advanced Datajack [Rating: 159] Favorites ----------- Power Light Angular Momentum Engine Engine Light Angular Momentum Engine Power Core Light Nuclear Core Reactor Compact Particle Reactor Propulsion Nuclear Pulse Thruster Wheel Compact Wheel Flight Unit Nuclear Pulse Thruster Utility Advanced Melee Analysis Suite Device Point Defense System Processor Advanced Melee Analysis Suite Hackware Improved System Shield Weapon Scythe Energy Gun Medium Laser Ballistic Gun Light Assault Rifle Special Weapon Mining Laser Impact Weapon Great Maul Slashing Weapon Scythe Special Melee Weapon Improved Datajack Build | -11 -10 -10 -10 -8 -7 -7 -6 -6 -6 -6 -5 -5 -5 -5 -5 -4 -4 ------- Run | Yrd Mat Min Sub Mat Fac DSF Fac Low Low Dat Pro Fac Upp Upp Zhi Pro Fac Slots Evolved 21 | 3 1 . 2 3 1 1 2 1 . . 1 2 . . 1 . 3 Power 2 | . . . 1 . . . . . . . . . . . . . 1 Propulsion 5 | 1 . . 1 . . . 1 . . . . . . . . . 2 Utility 9 | 1 1 . . 2 . . 1 1 . . 1 1 . . 1 . . Weapon 5 | 1 . . . 1 1 1 . . . . . 1 . . . . . Parts Attached 111 | 6 18 3 4 18 . 4 13 4 . . 2 11 2 . 1 1 24 Power 15 | 1 2 1 1 4 . . . 1 . . . 1 . . . . 4 Engine 7 | 1 2 1 . 2 . . . . . . . 1 . . . . . Core 6 | . . . 1 2 . . . 1 . . . . . . . . 2 Reactor 2 | . . . . . . . . . . . . . . . . . 2 Propulsion 22 | 2 6 . 2 3 . . 2 . . . 1 2 . . . . 4 Treads . | . . . . . . . . . . . . . . . . . . Leg . | . . . . . . . . . . . . . . . . . . Wheel 4 | 2 2 . . . . . . . . . . . . . . . . Hover . | . . . . . . . . . . . . . . . . . . Flight 18 | . 4 . 2 3 . . 2 . . . 1 2 . . . . 4 Utility 52 | 1 5 . 1 8 . . 8 3 . . 1 7 2 . 1 . 15 Device 28 | 1 4 . 1 2 . . 2 2 . . . 5 2 . . . 9 Storage . | . . . . . . . . . . . . . . . . . . Processor 17 | . . . . 4 . . 4 1 . . 1 2 . . . . 5 Hackware 7 | . 1 . . 2 . . 2 . . . . . . . 1 . 1 Protection . | . . . . . . . . . . . . . . . . . . Artifact . | . . . . . . . . . . . . . . . . . . Weapon 22 | 2 5 2 . 3 . 4 3 . . . . 1 . . . 1 1 Energy Gun 2 | . 2 . . . . . . . . . . . . . . . . Energy Cannon . | . . . . . . . . . . . . . . . . . . Ballistic Gun 2 | 1 . . . . . . . . . . . . . . . . 1 Ballistic Cannon . | . . . . . . . . . . . . . . . . . . Launcher . | . . . . . . . . . . . . . . . . . . Special Weapon 1 | 1 . . . . . . . . . . . . . . . . . Impact Weapon 2 | . . . . 1 . . 1 . . . . . . . . . . Slashing Weapon 13 | . 2 2 . 2 . 4 2 . . . . . . . . 1 . Piercing Weapon . | . . . . . . . . . . . . . . . . . . Special Melee Weapon 2 | . 1 . . . . . . . . . . 1 . . . . . Unidentified Prototypes 13 | . 1 . . 1 . . 1 . 1 . . 2 . . 2 . 5 Parts Lost 7 | . . . . 4 . . . . . . . 1 . . . . 2 Power 1 | . . . . 1 . . . . . . . . . . . . . Propulsion 1 | . . . . 1 . . . . . . . . . . . . . Utility 5 | . . . . 2 . . . . . . . 1 . . . . 2 Weapon . | . . . . . . . . . . . . . . . . . . Highest Loss Streak 2 | . . . . 2 . . . . . . . 1 . . . . 2 To Critical Strikes . | . . . . . . . . . . . . . . . . . . Average Backups 2 | 1 2 2 1 2 3 2 2 2 3 3 2 2 3 3 2 1 2 Power . | . . . . . . . . . . . . . . . . . . Propulsion . | . . 1 . . . . . . . . . . . . . . . Utility 1 | . . . . . 1 1 1 2 2 2 1 2 3 3 2 1 . Weapon . | . . . . . 1 . . . . . . . . . . . . Tool/Special . | . . . . . . . . . . . . . . . . . . Unused Backups 23 | . 6 . 2 2 . . 1 . 1 . . 6 1 . 3 . 1 Power 5 | . 1 . 1 1 . . . . . . . 1 . . 1 . . Propulsion 5 | . 4 . 1 . . . . . . . . . . . . . . Utility 10 | . 1 . . 1 . . 1 . 1 . . 3 1 . 2 . . Weapon 1 | . . . . . . . . . . . . 1 . . . . . Tool/Special 2 | . . . . . . . . . . . . 1 . . . . 1 Average Slot Usage (%) 98 | . 95 91 96 98 100 100 99 100 100 94 98 99 100 100 99 100 97 Engine 7 | . 13 12 10 7 7 6 5 5 5 5 5 8 9 9 8 8 4 Core 3 | . . . 6 7 7 6 5 5 5 5 5 . . . . . 2 Wheel 1 | . 14 . . . . . . . . . . . . . . . . Flight 22 | . 11 25 29 23 23 20 23 22 22 21 23 22 22 22 21 21 24 Device 14 | . 18 25 19 15 . . . 9 11 10 10 12 13 13 16 17 18 Processor 11 | . . . . 6 23 20 19 16 16 15 19 18 18 18 17 17 15 Hackware 9 | . 11 12 10 12 15 13 11 11 11 10 10 9 9 9 8 8 3 Energy Gun 1 | . 9 . . . . . . . . . . . . . . . . Impact Weapon 1 | . . . . 6 7 6 3 . . . . . . . . . . Slashing Weapon 20 | . 6 16 20 15 15 24 26 27 27 26 25 22 22 22 21 21 23 Peak Build Rating 159 | 8 13 17 22 42 45 48 72 80 80 80 85 105 103 103 110 111 159 Average Rating 68 | 5 9 13 20 33 43 47 63 75 79 80 83 100 102 103 109 109 129 On Entrance 62 | . 8 11 17 21 42 45 48 71 80 80 80 85 103 103 103 110 110 Avg Prop Armor Cover (%) . | . . . . . . . . . . . . . . . . . . Naked Turns . | . . . . . . . . . . . . . . . . . . Heaviest Build 52 | 8 10 12 27 29 24 26 29 32 32 32 32 37 37 37 38 40 52 Greatest Support 60 | 32 32 14 23 33 27 27 34 34 34 34 38 38 38 38 38 38 60 Greatest Overweight (x) 2 | . 2 1 1 1 . . . . . . . . . . . 1 . Average Overweight (x) . | . . . . . . . . . . . . . . . . . . Largest Inventory Capacity 4 | 2 3 3 3 3 3 3 3 3 3 3 3 3 3 3 3 4 4 Average Capacity 3 | 1 2 3 3 3 3 3 3 3 3 3 3 3 3 3 3 3 4 Most Carried 4 | 2 3 3 3 3 3 3 3 3 3 3 3 3 3 3 3 4 4 Average Carried 2 | 1 2 2 2 2 2 2 2 2 2 3 2 2 3 3 2 3 3 Final Capacity 4 | 2 3 3 3 3 3 3 3 3 3 3 3 3 3 3 3 4 4 Final Carried 4 | 2 3 2 2 3 2 3 3 3 3 3 2 3 3 3 2 4 4 Class Distribution -------------------- 50% | Hacker-Scout 12% | Mutant 11% | Scientist-Ninja 9% | Scavenger-Gladiator 5% | Gladiator 3% | Scavenger-Sprinter Dominant Class ---------------- Mutant | -10/Materials Mutant | -10/Mines Scavenger-Gladiator | -10/Subcaves Scavenger-Sprinter | -8/Materials Scavenger-Sprinter | -7/Factory Hacker-Scout | -7/DSF Hacker-Scout | -6/Factory Hacker-Scout | -6/Lower Caves Hacker-Scout | -6/Lower Caves Hacker-Scout | -6/Data Miner Hacker-Scout | -5/Proximity Caves Hacker-Scout | -5/Factory Hacker-Scout | -5/Upper Caves Hacker-Scout | -5/Upper Caves Hacker-Scout | -5/Zhirov Hacker-Scout | -4/Proximity Caves Scientist-Ninja | -4/Factory Resources | -11 -10 -10 -10 -8 -7 -7 -6 -6 -6 -6 -5 -5 -5 -5 -5 -4 -4 ----------- Run | Yrd Mat Min Sub Mat Fac DSF Fac Low Low Dat Pro Fac Upp Upp Zhi Pro Fac Matter Collected 2549 | 271 278 70 80 230 . 60 187 50 . . 40 200 30 . . 50 1003 Remotely . | . . . . . . . . . . . . . . . . . . Salvage Created 10169 | 103 661 138 474 1451 . 72 683 595 86 . 459 1935 432 84 . 102 2894 Parts 480 | 8 49 12 39 44 . 1 22 24 4 . 18 102 18 4 . 24 111 Haulers Intercepted 11 | . 2 . . 3 . . 2 . . . . 3 . . . . 1 Recyclers Shooed 2 | 1 1 . . . . . . . . . . . . . . . . Parts Field Recycled . | . . . . . . . . . . . . . . . . . . Retrieved Matter . | . . . . . . . . . . . . . . . . . . Parts Self-Destructed 99 | . . . 15 . . . . 22 4 . 17 . 10 4 . 27 . Prevented . | . . . . . . . . . . . . . . . . . . Parts Restored . | . . . . . . . . . . . . . . . . . . Kills | -11 -10 -10 -10 -8 -7 -7 -6 -6 -6 -6 -5 -5 -5 -5 -5 -4 -4 ------- Run | Yrd Mat Min Sub Mat Fac DSF Fac Low Low Dat Pro Fac Upp Upp Zhi Pro Fac Combat Hostiles Destroyed 154 | . 16 2 13 31 . 1 9 10 3 . 8 21 5 2 . 7 26 Melee 122 | . 2 2 13 16 . 1 6 10 3 . 8 21 5 2 . 7 26 Guns 14 | . 14 . . . . . . . . . . . . . . . . Classes Destroyed 21 | 2 8 . 2 2 . 1 1 2 . . 2 . 1 . . . . Worker 9 | . 1 . . . . . . . . . . 5 . . . . 3 Builder 11 | . 1 . . 2 . . . . . . . 5 . . . . 3 Tunneler 8 | 2 2 2 . 1 . . . . . . . 1 . . . . . Hauler 11 | . 2 . . 3 . . 2 . . . . 3 . . . . 1 Recycler 15 | 1 2 1 . 1 . . . . . . . 4 . . . . 6 Minesweeper 2 | . . . . . . . . . . . . . 2 . . . . Mechanic 1 | . 1 . . . . . . . . . . . . . . . . Operator 5 | . 1 . . 2 . . 2 . . . . . . . . . . Drone 2 | . . . . . . . . . . . 2 . . . . . . Watcher 19 | . 3 . . 5 . . 1 . . . . 3 . . . . 7 Swarmer 33 | . 12 . 2 3 . . . . . . 1 7 . . . . 8 Grunt 52 | . 4 2 1 16 . . 5 7 2 . 1 5 3 1 . . 5 Brawler 4 | . . . . . . . . 1 1 . 1 . . . . 1 . Duelist 2 | . . . . . . . . . . . 1 . . . . 1 . Sentry 25 | . . . 1 9 . . 2 1 . . 2 3 . 1 . 2 4 Specialist 1 | . . . . . . 1 . . . . . . . . . . . Hunter 10 | . . . . 2 . . . . . . . 2 1 . . 2 3 Programmer 12 | . . . . . . . 2 . . . . 4 . . . 1 5 Heavy 1 | . . . . 1 . . . . . . . . . . . . . Subdweller 9 | . . . 9 . . . . . . . . . . . . . . Mutant 2 | . . . . . . . . 1 . . . . 1 . . . . Best Kill Streak 8 | 3 5 2 2 6 . 1 3 5 3 . 3 7 3 2 . 2 8 Combat Bots Only 7 | . 5 2 2 5 . 1 3 5 3 . 3 7 2 2 . 2 5 Max Kills in Single Turn 2 | 1 1 1 1 1 . 1 1 2 2 . 1 2 1 1 . 1 2 Gunslinging . | . . . . . . . . . . . . . . . . . . Exploded . | . . . . . . . . . . . . . . . . . . Melee 2 | . 1 1 1 1 . 1 1 2 2 . 1 2 1 1 . 1 2 Uniques/NPCs Destroyed 1 | . . . . . . . . . . . . . . . . . 1 6S-H0T (-4/Factory) Combat | -11 -10 -10 -10 -8 -7 -7 -6 -6 -6 -6 -5 -5 -5 -5 -5 -4 -4 -------- Run | Yrd Mat Min Sub Mat Fac DSF Fac Low Low Dat Pro Fac Upp Upp Zhi Pro Fac Hostile Shots Fired 689 | . 110 11 50 115 . 1 44 45 8 . 7 77 6 6 . 33 176 Missed 302 | . 31 6 16 52 . 1 18 16 4 . 3 36 3 4 . 15 97 Hits 387 | . 79 5 34 63 . . 26 29 4 . 4 41 3 2 . 18 79 Melee 9 | . . . . . . . . 1 2 . 4 . . . . 2 . Projectile 378 | . 79 5 34 63 . . 26 28 2 . . 41 3 2 . 16 79 AOE 6 | . . . . 1 . . 1 . . . . . . . . . 4 Critical Strikes 25 | . 2 . . 3 . . . 2 1 . 1 4 . . . 1 11 Part Disruptions 2 | . . . . 1 . . . . . . . . . . . . 1 Damage Taken 7285 | . 668 107 745 1329 . . 294 598 102 . 189 783 56 38 . 362 2014 Core 5964 | . 535 86 627 1103 . . 244 492 81 . 149 638 44 30 . 300 1635 Absorbed by Shields . | . . . . . . . . . . . . . . . . . . Redirected to Core 4692 | . 412 73 426 824 . . 163 390 81 . 149 523 44 30 . 225 1352 Regen/Repaired (Parts) 47 | . 17 . . 16 . . 14 . . . . . . . . . . Core Remaining (%) 90 | 100 . . 92 85 . 86 . . . . 80 . . . . 100 . Volleys Fired 100 | 21 79 . . . . . . . . . . . . . . . . Largest 2 | 1 2 . . . . . . . . . . . . . . . . Hottest 70 | 20 70 . . . . . . . . . . . . . . . . Shots Fired 166 | 21 145 . . . . . . . . . . . . . . . . Gun 166 | 21 145 . . . . . . . . . . . . . . . . Cannon . | . . . . . . . . . . . . . . . . . . Launcher . | . . . . . . . . . . . . . . . . . . Special . | . . . . . . . . . . . . . . . . . . Kinetic 89 | 21 68 . . . . . . . . . . . . . . . . Thermal 77 | . 77 . . . . . . . . . . . . . . . . Explosive . | . . . . . . . . . . . . . . . . . . Electromagnetic . | . . . . . . . . . . . . . . . . . . Robot Hit Streak 5 | 5 5 . . . . . . . . . . . . . . . . Robot Miss Streak 7 | 3 7 . . . . . . . . . . . . . . . . Penetration Max . | . . . . . . . . . . . . . . . . . . Secondary Targets 4 | . 4 . . . . . . . . . . . . . . . . Max Gunslinging Chain 1 | . 1 . . . . . . . . . . . . . . . . Shots Hit Robots 603 | 12 88 10 33 114 . 2 34 35 9 . 19 82 18 10 . 22 115 Core Hits 231 | 5 39 4 13 21 . 1 9 16 4 . 10 37 8 3 . 11 50 Critical Kills 1 | . . . . 1 . . . . . . . . . . . . . Critical Parts Destroyed 19 | . . . . 14 . . 5 . . . . . . . . . . Critical Strikes 59 | . 5 . . 19 . . 8 3 . . 2 4 1 1 . 2 14 Burn 5 | . 5 . . . . . . . . . . . . . . . . Smash 20 | . . . . 15 . . 5 . . . . . . . . . . Sever 34 | . . . . 4 . . 3 3 . . 2 4 1 1 . 2 14 Melee Attacks 1026 | . 32 15 54 151 . 2 120 42 13 . 24 206 24 10 . 26 307 Impact 134 | . . . . 89 . 1 44 . . . . . . . . . . Slashing 883 | . 28 15 54 62 . 1 76 42 13 . 24 206 19 10 . 26 307 Piercing . | . . . . . . . . . . . . . . . . . . Sneak Attacks 121 | . 12 3 . 17 . 2 7 5 . . 1 33 12 1 . 1 27 Combat Hostiles 41 | . . . . 7 . . 2 . . . 1 14 4 1 . 1 11 Follow-up Attacks 165 | . . 2 3 33 . 1 14 15 5 . 7 25 3 4 . 9 44 Damage Inflicted 28774 | 94 1280 438 1081 5457 . 194 1847 1754 387 . 858 5837 1075 561 . 1063 6848 Guns 846 | 94 752 . . . . . . . . . . . . . . . . Cannons . | . . . . . . . . . . . . . . . . . . Explosions . | . . . . . . . . . . . . . . . . . . Melee 27928 | . 528 438 1081 5457 . 194 1847 1754 387 . 858 5837 1075 561 . 1063 6848 Ramming . | . . . . . . . . . . . . . . . . . . Kinetic 345 | 94 251 . . . . . . . . . . . . . . . . Thermal 501 | . 501 . . . . . . . . . . . . . . . . Explosive . | . . . . . . . . . . . . . . . . . . Electromagnetic . | . . . . . . . . . . . . . . . . . . Impact 5113 | . . . . 4142 . 126 845 . . . . . . . . . . Slashing 22815 | . 528 438 1081 1315 . 68 1002 1754 387 . 858 5837 1075 561 . 1063 6848 Piercing . | . . . . . . . . . . . . . . . . . . Highest Corruption 4 | . . . . . . . 4 1 . . . 1 . . . . 1 Average Corruption 1 | . . . . . . . 3 1 . . . 1 . . . . 1 Corruption Purged 9 | . . . . . . . 4 1 . . . 1 . . . . 3 Corruption Blocked . | . . . . . . . . . . . . . . . . . . Effects 5 | . . . . . . . 2 . . . . . . . . . 3 Message Errors 1 | . . . . . . . . . . . . . . . . . 1 Matter Fused 1 | . . . . . . . 1 . . . . . . . . . . Heat Flow Errors 1 | . . . . . . . . . . . . . . . . . 1 Energy Discharges 2 | . . . . . . . 1 . . . . . . . . . 1 Overload Shots . | . . . . . . . . . . . . . . . . . . Overflow Damage 4380 | . 27 77 . 1811 . 91 330 39 . . . 879 204 124 . 25 773 Projectiles . | . . . . . . . . . . . . . . . . . . Explosions . | . . . . . . . . . . . . . . . . . . Melee 4380 | . 27 77 . 1811 . 91 330 39 . . . 879 204 124 . 25 773 Knockbacks 16 | . . . . 15 . . 1 . . . . . . . . . . Impact 15 | . . . . 14 . . 1 . . . . . . . . . . Kinetic . | . . . . . . . . . . . . . . . . . . Secondary 1 | . . . . 1 . . . . . . . . . . . . . Self-Inflicted Damage . | . . . . . . . . . . . . . . . . . . Shots . | . . . . . . . . . . . . . . . . . . Rammed . | . . . . . . . . . . . . . . . . . . Targets Rammed . | . . . . . . . . . . . . . . . . . . Kicked . | . . . . . . . . . . . . . . . . . . Crushed . | . . . . . . . . . . . . . . . . . . Highest Temperature 329 | . 130 . . 70 1 . 329 33 4 . 200 238 301 45 10 . 251 Average Temperature 57 | . 37 . . 16 1 . 141 18 3 . 58 54 89 18 5 . 75 Received Heat Transfer 1116 | . 48 36 114 270 . . 123 231 18 . . 72 27 18 . . 159 Effects 4 | . . . . . . . 2 . . . . . . . . . 2 Energy Bleed 1 | . . . . . . . 1 . . . . . . . . . . Interference 3 | . . . . . . . 1 . . . . . . . . . 2 Siege Activations . | . . . . . . . . . . . . . . . . . . Martial Activations . | . . . . . . . . . . . . . . . . . . Shielding Activations . | . . . . . . . . . . . . . . . . . . Robots Disrupted . | . . . . . . . . . . . . . . . . . . Combat Hostiles . | . . . . . . . . . . . . . . . . . . Robots Corrupted 26 | . . . . 20 . . 6 . . . . . . . . . . Combat Hostiles 18 | . . . . 15 . . 3 . . . . . . . . . . Parts Fried 45 | . . . . 30 . 2 13 . . . . . . . . . . Impact Corruptions 65 | . . . . 51 . 2 12 . . . . . . . . . . Robots Melted . | . . . . . . . . . . . . . . . . . . Combat Hostiles . | . . . . . . . . . . . . . . . . . . Parts Melted 2 | . 2 . . . . . . . . . . . . . . . . Heat Transferred 1850 | . 1850 . . . . . . . . . . . . . . . . Parts Sabotaged . | . . . . . . . . . . . . . . . . . . Parts Stolen . | . . . . . . . . . . . . . . . . . . Parts Stripped . | . . . . . . . . . . . . . . . . . . Power Chain Reactions . | . . . . . . . . . . . . . . . . . . Alert | -11 -10 -10 -10 -8 -7 -7 -6 -6 -6 -6 -5 -5 -5 -5 -5 -4 -4 ------- Run | Yrd Mat Min Sub Mat Fac DSF Fac Low Low Dat Pro Fac Upp Upp Zhi Pro Fac Maximum Alert Level 2 | . 1 . . 2 1 1 1 . . . . 1 . . . . 2 Low Security (%) 76 | 100 97 100 . 23 . 86 88 . . . . 96 . . . . 70 Level 1 15 | . 2 . . 39 100 13 11 . . . . 3 . . . . 22 Level 2 8 | . . . . 37 . . . . . . . . . . . . 6 Level 3 . | . . . . . . . . . . . . . . . . . . Level 4 . | . . . . . . . . . . . . . . . . . . Level 5 . | . . . . . . . . . . . . . . . . . . High Security . | . . . . . . . . . . . . . . . . . . Max Security . | . . . . . . . . . . . . . . . . . . Peak Influence 541 | 5 210 70 . 541 239 202 223 . . . . 246 . . . . 422 Initial 239 | . . 64 . . 239 167 105 . . . . 169 . . . . 18 Average 145 | 1 92 50 . 323 239 188 68 . . . . 97 . . . . 166 Influence Increases 5938 | 15 566 111 100 1033 . 35 635 320 70 . 175 1187 160 45 . 230 1256 Destroy 0b10 Robot/C 2960 | . 320 40 80 620 . 20 320 180 60 . 120 420 80 40 . 160 500 Destroy 0b10 Robot/NC 420 | 15 65 15 . 70 . . 30 . . . 10 105 10 . . . 100 Destroy Leader 690 | . 60 10 20 186 . . 106 20 10 . . 112 10 . . 20 136 Allied During Kill 65 | . . . . . . . 40 . . . . . . 5 . 20 . Successful Hack 350 | . 28 . . 60 . . 83 . . . . 67 . . . . 112 Disable Machine 90 | . 15 . . 30 . . . . . . . 45 . . . . . Destroy Structure 358 | . 3 1 . 7 . . 41 . . . . 108 . . . . 198 Advance Influence 150 | . . . . . . . . . . . . 150 . . . . . Partial Spotted 285 | . . 45 . 60 . . 15 . . . . 90 . . . . 75 Lose Combat Pursuer 570 | . 75 . . . . 15 . 120 . . 45 90 60 . . 30 135 Influence Decreases 5516 | 15 399 223 155 506 288 72 833 196 105 93 143 1024 271 57 72 200 864 Entered New Map 897 | . . 103 29 . 288 72 97 3 25 93 . 13 73 17 72 . 12 Time Decay 3323 | 15 399 120 126 486 . . 392 193 80 . 143 472 198 40 . 120 539 Lost Part 50 | . . . . 20 . . . . . . . 10 . . . . 20 Lost Ally 300 | . . . . . . . 60 . . . . 100 . . . 80 60 Purge Threat 946 | . . . . . . . 284 . . . . 429 . . . . 233 Squads Dispatched 45 | . 2 . . 5 . 1 8 . . . . 10 . . . . 19 Investigation 12 | . 1 . . 2 . . 3 . . . . 2 . . . . 4 Extermination 15 | . . . . . . . 3 . . . . 6 . . . . 6 Reinforcement 14 | . 1 . . 3 . 1 2 . . . . 2 . . . . 5 Assault 1 | . . . . . . . . . . . . . . . . . 1 Garrison 3 | . . . . . . . . . . . . . . . . . 3 Intercept . | . . . . . . . . . . . . . . . . . . Searches Triggered . | . . . . . . . . . . . . . . . . . . Unchained Authorized 2 | . . . . . . . . . . . . 1 . . . . 1 Data Miner Redirects 1 | . . . . . . . . . . . . . . . . . 1 Construction Impeded . | . . . . . . . . . . . . . . . . . . Haulers Reinforced 1 | . . . . . . . . . . . . . . . . . 1 Active Scanning Responses . | . . . . . . . . . . . . . . . . . . Cargo Convoy Interrupts . | . . . . . . . . . . . . . . . . . . Stealth | -11 -10 -10 -10 -8 -7 -7 -6 -6 -6 -6 -5 -5 -5 -5 -5 -4 -4 --------- Run | Yrd Mat Min Sub Mat Fac DSF Fac Low Low Dat Pro Fac Upp Upp Zhi Pro Fac Distress Signals 7 | . 4 . . 2 . . . . . . . . . . . . 1 Communications Jammed . | . . . . . . . . . . . . . . . . . . Distress Signals . | . . . . . . . . . . . . . . . . . . Times Spotted 259 | . 31 6 17 59 . 2 10 19 3 . 8 30 4 2 . 7 61 Peak Tracking Total 11 | . 4 5 3 5 . 1 2 9 3 . 5 7 4 2 . 4 11 Tactical Retreats 33 | . 6 . . 8 . 1 . 3 . . 2 3 1 . . 2 7 ECM-based Alert Blocks 29 | . 4 . . 19 . . . . . . . . . . . . 6 Traps | -11 -10 -10 -10 -8 -7 -7 -6 -6 -6 -6 -5 -5 -5 -5 -5 -4 -4 ------- Run | Yrd Mat Min Sub Mat Fac DSF Fac Low Low Dat Pro Fac Upp Upp Zhi Pro Fac Traps Triggered 5 | . 1 . 2 . . 2 . . . . . . . . . . . Indirectly . | . . . . . . . . . . . . . . . . . . Trap Hack Attempts 1 | . . . . . . . 1 . . . . . . . . . . Triggered . | . . . . . . . . . . . . . . . . . . Disarmed 10 | . . . . . . . 4 . . . . 6 . . . . . Reprogrammed 1 | . . . . . . . 1 . . . . . . . . . . Reused . | . . . . . . . . . . . . . . . . . . Traps Extracted . | . . . . . . . . . . . . . . . . . . Installed 4 | . . 4 . . . . . . . . . . . . . . . Triggered . | . . . . . . . . . . . . . . . . . . Machines | -11 -10 -10 -10 -8 -7 -7 -6 -6 -6 -6 -5 -5 -5 -5 -5 -4 -4 ---------- Run | Yrd Mat Min Sub Mat Fac DSF Fac Low Low Dat Pro Fac Upp Upp Zhi Pro Fac Machines Disabled 9 | . 1 . 1 2 . . . 1 . . . 3 1 . . . . Max in Single Turn 1 | . 1 . 1 1 . . . 1 . . . 1 1 . . . . Machines Repaired . | . . . . . . . . . . . . . . . . . . Machines Dismantled . | . . . . . . . . . . . . . . . . . . Machines Sabotaged . | . . . . . . . . . . . . . . . . . . Overloaded Fab Kills . | . . . . . . . . . . . . . . . . . . Hacking | -11 -10 -10 -10 -8 -7 -7 -6 -6 -6 -6 -5 -5 -5 -5 -5 -4 -4 --------- Run | Yrd Mat Min Sub Mat Fac DSF Fac Low Low Dat Pro Fac Upp Upp Zhi Pro Fac Machines Accessed 96 | . 10 1 2 18 1 . 15 . . 4 1 16 2 1 9 . 16 Terminals 46 | . 7 . . 11 1 . 9 . . . 1 8 1 1 . . 7 Fabricators 5 | . . . . . . . 1 . . . . 2 . . . . 2 Repair Stations 5 | . 1 . . 2 . . 1 . . . . . . . . . 1 Recycling Units 10 | . 2 . . 2 . . 2 . . . . 2 . . . . 2 Scanalyzers 8 | . . . . 2 . . 1 . . . . 2 . . . . 3 Garrison Access 5 | . . . . 1 . . 1 . . . . 2 . . . . 1 Total Hacks 409 | . 33 1 12 70 2 . 81 . . 32 7 57 2 5 48 . 59 Successful 306 | . 24 1 12 48 1 . 50 . . 32 7 41 2 5 48 . 35 Failed 102 | . 9 . . 22 1 . 31 . . . . 15 . . . . 24 Catastrophic 10 | . 2 . . 2 . . 1 . . . . 1 . . . . 4 Database Lockouts 1 | . . . . . . . . . . . . 1 . . . . . Manual 220 | . 23 . . 63 . . 57 . . . . 42 . . . . 35 Terminals 212 | . 22 . . 49 2 . 58 . . . 7 38 1 5 . . 30 Fabricators 14 | . . . . . . . 2 . . . . 3 . . . . 9 Repair Stations 17 | . 5 . . 4 . . 7 . . . . . . . . . 1 Recycling Units 33 | . 6 . . 5 . . 6 . . . . 8 . . . . 8 Scanalyzers 22 | . . . . 8 . . 3 . . . . 3 . . . . 8 Garrison Access 17 | . . . . 4 . . 5 . . . . 5 . . . . 3 Terminal Hacks 154 | . 6 1 12 13 1 . 12 . . 32 7 12 2 5 48 . 3 Record 72 | . . . 11 1 . . . . . 11 7 . 1 5 36 . . Part Schematic 17 | . . . . . . . . . . 13 . . . . 4 . . Robot Schematic 5 | . . . . . . . . . . 5 . . . . . . . Robot Analysis 18 | . 3 . . 10 . . 1 . . . . . . . 4 . . Prototype ID Bank 11 | . 2 . . . . . 1 . . 3 . 1 . . 4 . . Open Door 2 | . . 1 . . . . . . . . . . 1 . . . . Open DSF 3 | . . . . . 1 . 1 . . . . 1 . . . . . Branch Access Points 2 | . 1 . . 1 . . . . . . . . . . . . . Scanalyzer Index 1 | . . . . . . . . . . . . 1 . . . . . Unreport Threat 12 | . . . . . . . 4 . . . . 5 . . . . 3 Locate Traps 1 | . . . . . . . 1 . . . . . . . . . . Disarm Traps 3 | . . . . . . . 2 . . . . 1 . . . . . Surveillance Status 1 | . . . . . . . . . . . . 1 . . . . . Zone Layout 5 | . . . . 1 . . 2 . . . . 2 . . . . . Proto ID Catalog 1 | . . . 1 . . . . . . . . . . . . . . Fabricator Hacks 9 | . . . . . . . 2 . . . . 3 . . . . 4 Network Status 1 | . . . . . . . 1 . . . . . . . . . . Load Schematic 3 | . . . . . . . . . . . . 1 . . . . 2 Build 5 | . . . . . . . 1 . . . . 2 . . . . 2 Repair Station Hacks 7 | . 4 . . . . . 3 . . . . . . . . . . Scan Component 4 | . 2 . . . . . 2 . . . . . . . . . . Repair 3 | . 2 . . . . . 1 . . . . . . . . . . Recycling Unit Hacks 15 | . 3 . . 2 . . 3 . . . . 4 . . . . 3 Report Inventory 10 | . 2 . . 2 . . 2 . . . . 2 . . . . 2 Retrieve Matter 1 | . . . . . . . 1 . . . . . . . . . . Retrieve Components 4 | . 1 . . . . . . . . . . 2 . . . . 1 Scanalyzer 17 | . . . . 8 . . 1 . . . . 1 . . . . 7 Retrieve Study 17 | . . . . 8 . . 1 . . . . 1 . . . . 7 Garrison Access Hacks 1 | . . . . . . . 1 . . . . . . . . . . Coupler Status 1 | . . . . . . . 1 . . . . . . . . . . Unauthorized Hacks 103 | . 11 . . 25 . . 28 . . . . 21 . . . . 18 Terminals 70 | . 7 . . 14 . . 23 . . . . 14 . . . . 12 Track 16 | . . . . 1 . . 7 . . . . 4 . . . . 4 Assimilate 1 | . . . . . . . . . . . . 1 . . . . . Botnet 12 | . 2 . . 2 . . 3 . . . . 3 . . . . 2 Disrupt 11 | . . . . 4 . . 5 . . . . 1 . . . . 1 Operators 3 | . . . . 2 . . 1 . . . . . . . . . . Skim 27 | . 5 . . 5 . . 7 . . . . 5 . . . . 5 Fabricators . | . . . . . . . . . . . . . . . . . . Repair Stations 6 | . 1 . . 4 . . . . . . . . . . . . 1 Mechanics 4 | . 1 . . 2 . . . . . . . . . . . . 1 Patch 2 | . . . . 2 . . . . . . . . . . . . . Recycling Units 13 | . 3 . . 3 . . 2 . . . . 3 . . . . 2 Reject 9 | . 2 . . 2 . . 2 . . . . 2 . . . . 1 Recyclers 2 | . 1 . . 1 . . . . . . . . . . . . . Mask 2 | . . . . . . . . . . . . 1 . . . . 1 Scanalyzers 1 | . . . . . . . . . . . . 1 . . . . . Researchers 1 | . . . . . . . . . . . . 1 . . . . . Garrison Access 13 | . . . . 4 . . 3 . . . . 3 . . . . 3 Broadcast 5 | . . . . 1 . . 1 . . . . 2 . . . . 1 Decoy 1 | . . . . 1 . . . . . . . . . . . . . Redirect 1 | . . . . 1 . . . . . . . . . . . . . Reprogram 3 | . . . . . . . 1 . . . . 1 . . . . 1 Watchers 3 | . . . . 1 . . 1 . . . . . . . . . 1 Data Cores Recovered 1 | . . . . 1 . . . . . . . . . . . . . Used . | . . . . . . . . . . . . . . . . . . Hacking Detections 62 | . 7 . . 16 . . 14 . . . 1 11 . . . . 13 Full Trace Events 6 | . . . . . . . 2 . . . . 1 . . . . 3 Feedback Events . | . . . . . . . . . . . . . . . . . . Feedback Blocked . | . . . . . . . . . . . . . . . . . . Robot Schematics Acquired 5 | . . . . . . . . . . 5 . . . . . . . Robots Built 5 | . . . . . . . 2 . . . . 3 . . . . . Authchips . | . . . . . . . . . . . . . . . . . . Time 125 | . . . . . . . 81 . . . . 44 . . . . . Total Robot Build Rating 14 | . . . . . . . 2 . . . . 12 . . . . . Part Schematics Acquired 17 | . . . . . . . . . . 13 . . . . 4 . . Parts Built 5 | . . . . . . . . . . . . 2 . . . . 3 Authchips . | . . . . . . . . . . . . . . . . . . Time 268 | . . . . . . . . . . . . 58 . . . . 210 Total Part Build Rating 33 | . . . . . . . . . . . . 14 . . . . 19 Part Studies Acquired 16 | . . . . 7 . . 1 . . . . 1 . . . . 7 Parts Repaired 3 | . 2 . . . . . 1 . . . . . . . . . . Time 70 | . 52 . . . . . 18 . . . . . . . . . . Parts Recycled . | . . . . . . . . . . . . . . . . . . Recycled Matter . | . . . . . . . . . . . . . . . . . . Retrieved Matter . | . . . . . . . . . . . . . . . . . . Retrieved Components 13 | . 7 . . . . . . . . . . 5 . . . . 1 Parts Scanalyzed . | . . . . . . . . . . . . . . . . . . Part Schematics Acquired . | . . . . . . . . . . . . . . . . . . Parts Damaged . | . . . . . . . . . . . . . . . . . . Bothacking | -11 -10 -10 -10 -8 -7 -7 -6 -6 -6 -6 -5 -5 -5 -5 -5 -4 -4 ------------ Run | Yrd Mat Min Sub Mat Fac DSF Fac Low Low Dat Pro Fac Upp Upp Zhi Pro Fac Used RIF Installer . | . . . . . . . . . . . . . . . . . . Robots Hacked 1 | . 1 . . . . . . . . . . . . . . . . Non-combat 1 | . 1 . . . . . . . . . . . . . . . . Combat . | . . . . . . . . . . . . . . . . . . Robot Hacks Applied 1 | . 1 . . . . . . . . . . . . . . . . no_distress 1 | . 1 . . . . . . . . . . . . . . . . Relay Couplers Released . | . . . . . . . . . . . . . . . . . . Fabnet Peak Effective % . | . . . . . . . . . . . . . . . . . . Robots Rewired 4 | . . . . . . . . . . . . . 4 . . . . Allies Hacked . | . . . . . . . . . . . . . . . . . . Hacks Repelled . | . . . . . . . . . . . . . . . . . . Allies | -11 -10 -10 -10 -8 -7 -7 -6 -6 -6 -6 -5 -5 -5 -5 -5 -4 -4 -------- Run | Yrd Mat Min Sub Mat Fac DSF Fac Low Low Dat Pro Fac Upp Upp Zhi Pro Fac Total Allies 18 | . . . . . . . 5 . . . . 6 4 . . . 3 Largest Group 4 | . . . . . . . 3 . . . . 3 4 4 4 4 3 Highest-Rated Group 121 | . . . . . . . 87 . . . . 108 117 117 117 117 121 Highest-Rated Ally 54 | . . . . . . . 29 . . . . 54 30 30 30 30 42 Total Orders 1 | . . . . . . . . . . . . 1 . . . . . ROAM 1 | . . . . . . . . . . . . 1 . . . . . Ally Attacks 106 | . . . . . . . 67 . . . . 7 . . . 26 6 Total Damage 1712 | . . . . . . . 823 . . . . 136 . . . 324 429 Kills 9 | . . . . . . . 8 . . . . . . . . 1 . Allies Corrupted . | . . . . . . . . . . . . . . . . . . Allies Melted . | . . . . . . . . . . . . . . . . . . Intel | -11 -10 -10 -10 -8 -7 -7 -6 -6 -6 -6 -5 -5 -5 -5 -5 -4 -4 ------- Run | Yrd Mat Min Sub Mat Fac DSF Fac Low Low Dat Pro Fac Upp Upp Zhi Pro Fac Active Infowar (turns) 5132 | 75 955 233 1128 1332 . . 9 . . . . . 42 . . . 1358 Sensors 507 | . 507 . . . . . . . . . . . . . . . . Zeronet 737 | . . . . . . . . . . . . . . . . . 737 Terrain 236 | 75 161 . . . . . . . . . . . . . . . . Traps 42 | . . . . . . . . . . . . . 42 . . . . Machine Analysis 1456 | . . . . 268 . . . . . . . . . . . . 1188 Jamming 698 | . . . . . . . . . . . . . . . . . 698 ECM 3459 | . 315 233 1128 1332 . . 9 . . . . . . . . . 442 Robot Analysis Total 15 | . 3 . . 7 . . 1 . . . . . . . 4 . . Derelict Logs Recovered 10 | . . 1 2 . . . . 1 1 . 3 . . 1 . 1 . Drone Launches . | . . . . . . . . . . . . . . . . . . Drone Recoveries . | . . . . . . . . . . . . . . . . . . Exploration | -11 -10 -10 -10 -8 -7 -7 -6 -6 -6 -6 -5 -5 -5 -5 -5 -4 -4 ------------- Run | Yrd Mat Min Sub Mat Fac DSF Fac Low Low Dat Pro Fac Upp Upp Zhi Pro Fac Turns Passed 10693 | 133 1149 254 1152 1366 3 45 1206 468 170 26 409 1662 401 85 228 278 1658 Spaces Moved 17276 | 85 1031 400 2452 1850 6 101 1885 1026 465 93 913 2446 645 90 216 748 2824 Core 1 | 1 . . . . . . . . . . . . . . . . . Treads . | . . . . . . . . . . . . . . . . . . Legs . | . . . . . . . . . . . . . . . . . . Wheels 470 | 84 386 . . . . . . . . . . . . . . . . Hover . | . . . . . . . . . . . . . . . . . . Flight 16805 | . 645 400 2452 1850 6 101 1885 1026 465 93 913 2446 645 90 216 748 2824 Fastest Speed 6 | 50 37 37 34 30 30 30 28 28 28 28 25 21 21 21 21 21 6 Average Speed 28 | 99 66 37 34 32 30 30 28 28 28 28 26 21 21 21 21 21 15 Slowest Speed 200 | 100 200 117 114 117 30 30 30 28 28 28 28 25 21 21 21 85 21 Overloaded Moves 2 | . . . . . . . . . . . . . . . . . 2 Propulsion Burnouts . | . . . . . . . . . . . . . . . . . . Robots Hopped 4 | . . 1 . . . . 1 . 1 . . 1 . . . . . Potential Cave-ins . | . . . . . . . . . . . . . . . . . . Cave-ins Triggered 1 | . . . . . . . . . . . . . . . . . 1 Teleports 1 | . . . . . . . . . . . . . . . 1 . . Exploration Rate (%) 64 | 4 98 59 89 96 . 79 30 90 64 77 84 41 65 17 62 82 51 Regions Visited 17 Branch Regions 10 Pre-discovered Areas 12 | . . 1 2 2 . . 1 . . 1 . 2 . . 3 . . Known Exits Taken 14 | . 1 1 . 1 1 . 1 1 1 1 1 1 1 1 1 1 . Unknown Exits Taken 2 | 1 . . 1 . . . . . . . . . . . . . . Scrap Searched 20 | . . . 3 . . . . 9 3 . 3 . 2 . . . . Spaces Dug 203 | . 4 1 4 7 . . 41 . 2 . . 54 . . . . 90 Terrain Destroyed 203 | . 4 1 4 7 . . 41 . 2 . . 54 . . . . 90 Melee 203 | . 4 1 4 7 . . 41 . 2 . . 54 . . . . 90 Projectile . | . . . . . . . . . . . . . . . . . . AOE . | . . . . . . . . . . . . . . . . . . Terrain Rammed . | . . . . . . . . . . . . . . . . . . Walls Destroyed . | . . . . . . . . . . . . . . . . . . Machines Disabled . | . . . . . . . . . . . . . . . . . . Actions | -11 -10 -10 -10 -8 -7 -7 -6 -6 -6 -6 -5 -5 -5 -5 -5 -4 -4 --------- Run | Yrd Mat Min Sub Mat Fac DSF Fac Low Low Dat Pro Fac Upp Upp Zhi Pro Fac Total 21574 | 113 1308 484 2692 2406 6 112 2409 1158 489 92 1055 3320 886 142 397 838 3667 Wait 2970 | . 100 45 152 343 . 3 410 81 . . 125 681 212 39 170 39 570 Move 17251 | 84 1030 397 2451 1849 5 100 1882 1025 462 92 912 2443 644 89 215 747 2824 Hop 4 | . . 1 . . . . 1 . 1 . . 1 . . . . . Pick Up 66 | 2 8 . 3 13 . 1 2 2 2 . 1 12 . . 4 6 10 Fast Attach 66 | 6 8 2 3 12 . 1 4 . 2 . 1 7 2 . 1 . 17 Attach 21 | . 2 2 2 3 1 . 1 1 . . 1 3 . . 2 . 3 Detach 11 | . 2 3 1 1 . . 1 . . . . . 1 . . . 2 Swap 78 | . 12 1 1 9 . 4 13 4 . . . 10 1 . 2 4 17 Drop 107 | . 16 3 6 21 . 2 7 3 3 . 1 14 3 . 3 4 21 Fire 100 | 21 79 . . . . . . . . . . . . . . . . Melee 609 | . 32 12 47 98 . 1 67 21 6 . 12 114 16 6 . 13 164 Ram . | . . . . . . . . . . . . . . . . . . Kick . | . . . . . . . . . . . . . . . . . . Crush . | . . . . . . . . . . . . . . . . . . Escape Stasis . | . . . . . . . . . . . . . . . . . . Rewire . | . . . . . . . . . . . . . . . . . . Trap 5 | . . 4 . . . . 1 . . . . . . . . . . Miscellaneous 286 | . 19 14 26 57 . . 20 21 13 . 2 35 7 8 . 25 39 Route ------- -11/Scrapyard -10/Materials (discovered 5 exits: *Mat x3 / *Min / Sub) -10/Mines -10/Subcaves -8/Materials (discovered 3 exits: *Fac x3) -7/Factory (discovered 5 exits: Fac x3 / Sto / DSF) -7/DSF -6/Factory (discovered 5 exits: *Fac x3 / *Low x2) -6/Lower Caves -6/Lower Caves (discovered 2 exits: *Fac / *Dat) -6/Data Miner -5/Proximity Caves -5/Factory (discovered 6 exits: Fac x4 / *Upp x2) -5/Upper Caves -5/Upper Caves (discovered 2 exits: Fac / *Zhi) -5/Zhirov -4/Proximity Caves -4/Factory (discovered 7 exits: *Res x3 / *Upp / *Ext x2 / Arm) History --------- Turn | Location | Event 1 | -11/Scrapyard | Upgraded with Propulsion slot (x1) 1 | -11/Scrapyard | Upgraded with Utility slot (x1) 1 | -11/Scrapyard | Upgraded with Weapon slot (x1) 9 | -11/Scrapyard | Discovered new exit (range 16) 134 | -11/Scrapyard | Entered Materials 316 | -10/Materials | Build established: Mutant 656 | -10/Materials | Discovered new exit (range 12) 898 | -10/Materials | Reached level 2 907 | -10/Materials | Upgraded with Utility slot (x1) 1003 | -10/Materials | Discovered new exit (range 11) 1086 | -10/Materials | Repaired Flight Unit 1114 | -10/Materials | Repaired Flight Unit 1139 | -10/Materials | Discovered new exit (range 3) 1181 | -10/Materials | Identified exit to Mines 1206 | -10/Materials | Learned Storage stockpile data 1231 | -10/Materials | Discovered new exit (range 16) 1270 | -10/Materials | Identified exit to Materials 1270 | -10/Materials | Identified exit to Subcaves 1283 | -10/Materials | Entered Mines 1288 | -10/Mines | Learned location of Storage (-7) 1309 | -10/Mines | Found a hidden stash of uninstalled traps 1360 | -10/Mines | Met a Derelict who couldn't figure out how to use a Trap Extractor 1535 | -10/Mines | Discovered exit to Subcaves (range 6) 1537 | -10/Mines | Entered Subcaves 1538 | -10/Subcaves | Approached by a straggling Scientist 1539 | -10/Subcaves | Reached level 3 1539 | -10/Subcaves | Upgraded with Power slot (x1) 1539 | -10/Subcaves | Upgraded with Propulsion slot (x1) 1553 | -10/Subcaves | Learned Materials emergency access door positions 1561 | -10/Subcaves | Learned location of Zion (-7) 1561 | -10/Subcaves | Met a Zionite searching for "candidates" 1590 | -10/Subcaves | Visited Clippyterm 1591 | -10/Subcaves | Learned location of Section 7 (-2) 1623 | -10/Subcaves | A swath of the cavern ceiling suddenly collapsed 1751 | -10/Subcaves | Core integrity fell below 50% 1763 | -10/Subcaves | Build established: Gladiator 1848 | -10/Subcaves | Learned 2 Materials zone layouts 1877 | -10/Subcaves | Shifting Twisted Machinery released Sub. Beam Cannon 2014 | -10/Subcaves | Shifting Twisted Machinery released Battle Cannon 2032 | -10/Subcaves | Shifting Twisted Machinery released Sub. Laser 2054 | -10/Subcaves | A swath of the cavern ceiling suddenly collapsed 2066 | -10/Subcaves | Ambushed by Subdwellers from Twisted Machinery 2202 | -10/Subcaves | Build established: Scavenger-Gladiator 2218 | -10/Subcaves | Visited 4L-MR0's lab 2599 | -10/Subcaves | Shifting Twisted Machinery released Sub. Power Source 2603 | -10/Subcaves | Shifting Twisted Machinery released Barrage Gun 2613 | -10/Subcaves | Discovered new exit (range 12) 2689 | -10/Subcaves | Entered Materials 2690 | -8/Materials | Identified exit to Factory 2691 | -8/Materials | Reached level 4 2691 | -8/Materials | Upgraded with Utility slot (x1) 2738 | -8/Materials | Reached level 5 2778 | -8/Materials | Upgraded with Weapon slot (x1) 3109 | -8/Materials | Reached level 6 3208 | -8/Materials | Upgraded with Utility slot (x1) 3321 | -8/Materials | Discovered exit to Factory (range 10) 3418 | -8/Materials | Discovered exit to Factory (range 4) 3455 | -8/Materials | Core integrity fell below 50% 3473 | -8/Materials | Core integrity fell below 20% 3483 | -8/Materials | Reached level 7 3517 | -8/Materials | Build established: Scavenger-Sprinter 3619 | -8/Materials | Learned 2 Storage zone layouts 3687 | -8/Materials | Learned 2 Lower Caves zone layouts 3717 | -8/Materials | Learned 4 Factory zone layouts 3718 | -8/Materials | Learned Factory interactive machine intel 3729 | -8/Materials | Learned 2 Storage zone layouts 3751 | -8/Materials | Learned Factory trap positions 3785 | -8/Materials | Learned location of 3 exits from Factory 4013 | -8/Materials | Build established: Scientist-Ninja 4055 | -8/Materials | Entered Factory 4056 | -7/Factory | Identified exit to Storage 4057 | -7/Factory | Identified exit to Factory 4057 | -7/Factory | Reached level 8 4057 | -7/Factory | Upgraded with Weapon slot (x1) 4058 | -7/Factory | Identified exit to DSF 4058 | -7/Factory | Entered DSF 4060 | -7/DSF | Reached level 9 4062 | -7/DSF | Upgraded with Weapon slot (x1) 4081 | -7/DSF | Additional patrols routed to DSF 4090 | -7/DSF | Discovered exit to Factory (range 18) 4103 | -7/DSF | Entered Factory 4104 | -6/Factory | Loaded intel: 118 trap records 4105 | -6/Factory | Loaded intel: 54 interactive machine locations 4105 | -6/Factory | Reached level 10 4105 | -6/Factory | Upgraded with Propulsion slot (x1) 4244 | -6/Factory | Fabricated R-06 Scavenger (x2) 4252 | -6/Factory | Discovered new exit (range 18) 4334 | -6/Factory | Repaired Broken Flight Unit+ 4338 | -6/Factory | Identified exit to Lower Caves 4359 | -6/Factory | Build established: Hacker-Scout 4552 | -6/Factory | Reached level 11 4552 | -6/Factory | Upgraded with Utility slot (x1) 4565 | -6/Factory | Found Prototype Processor 4565 | -6/Factory | Identified Exp. Targeting Computer 4714 | -6/Factory | Discovered new exit (range 9) 4726 | -6/Factory | Discovered exit to Lower Caves (range 12) 4796 | -6/Factory | Learned Extension trap positions 4824 | -6/Factory | Learned Extension non-interactive machine intel 4846 | -6/Factory | Learned location of 1 exit from Upper Caves 4848 | -6/Factory | Loaded intel: 4 garrison access locations 4849 | -6/Factory | Learned location of Lower Caves (-6) 4850 | -6/Factory | Identified exit to Factory 4917 | -6/Factory | Reached level 12 5309 | -6/Factory | Entered Lower Caves 5310 | -6/Lower Caves | Encountered a Warlord checkpoint 5338 | -6/Lower Caves | Learned 4 Factory zone layouts 5350 | -6/Lower Caves | Spotted B-75 Beast 5397 | -6/Lower Caves | Attracted the attention of an 0b10 outpost 5446 | -6/Lower Caves | Reached level 13 5449 | -6/Lower Caves | Upgraded with Utility slot (x1) 5551 | -6/Lower Caves | Found DCF Scrap (17 items) 5688 | -6/Lower Caves | Discovered new exit (range 2) 5734 | -6/Lower Caves | Attacked by a delusional Derelict stockpiling parts 5775 | -6/Lower Caves | Identified exit to Lower Caves 5777 | -6/Lower Caves | Entered another Lower Caves area 5819 | -6/Lower Caves | Discovered exit to Factory (range 5) 5837 | -6/Lower Caves | Encountered a Warlord checkpoint 5910 | -6/Lower Caves | Discovered new exit (range 12) 5913 | -6/Lower Caves | Identified exit to Data Miner 5941 | -6/Lower Caves | Found Alien Artifact 5941 | -6/Lower Caves | Identified Core Expander 5941 | -6/Lower Caves | Installed Core Expander, added new Propulsion slot 5947 | -6/Lower Caves | Entered Data Miner 5947 | -6/Data Miner | Discovered new exit (range 6) 5949 | -6/Data Miner | Reached level 14 5949 | -6/Data Miner | Identified exit to Proximity Caves 5953 | -6/Data Miner | Met Data Miner 5962 | -6/Data Miner | Acquired the access code to Warlord's prototype stash 5967 | -6/Data Miner | Received God Mode back door access code from Data Miner 5973 | -6/Data Miner | Entered Proximity Caves 5995 | -5/Proximity Caves | Learned Factory trap positions 5997 | -5/Proximity Caves | Learned Factory trap positions 6017 | -5/Proximity Caves | Learned Factory security intel 6040 | -5/Proximity Caves | Reached level 15 6044 | -5/Proximity Caves | Upgraded with Utility slot (x1) 6053 | -5/Proximity Caves | Learned location of 2 exits from Upper Caves 6053 | -5/Proximity Caves | Learned location of 1 exit from Research 6053 | -5/Proximity Caves | Learned 8 Factory zone layouts 6053 | -5/Proximity Caves | Learned Factory trap positions 6053 | -5/Proximity Caves | Learned Armory emergency access door positions 6121 | -5/Proximity Caves | Spotter reported a threat 6142 | -5/Proximity Caves | Attracted the attention of an 0b10 checkpoint 6361 | -5/Proximity Caves | Discovered exit to Factory (range 17) 6382 | -5/Proximity Caves | Entered Factory 6383 | -5/Factory | Identified exit to Upper Caves 6384 | -5/Factory | Identified exit to Factory 6384 | -5/Factory | Reached level 16 6385 | -5/Factory | Loaded intel: 124 trap records 6637 | -5/Factory | Fabricated Adv. Surge Thruster (x2) 6675 | -5/Factory | Reached level 17 6679 | -5/Factory | Upgraded with Utility slot (x1) 6696 | -5/Factory | Destroyed 7 combat bots 6817 | -5/Factory | Central database locked down 7102 | -5/Factory | Learned Testing trap positions 7182 | -5/Factory | Learned location of Testing (-3) 7194 | -5/Factory | Unchained authorized (6S-H0T) 7286 | -5/Factory | Reached level 18 7293 | -5/Factory | Upgraded with Weapon slot (x1) 7317 | -5/Factory | Learned Research scanalyzer intel 7370 | -5/Factory | Learned 4 Factory zone layouts 7447 | -5/Factory | Learned 2 Proximity Caves zone layouts 7489 | -5/Factory | Learned location of 1 exit from Factory 7605 | -5/Factory | Learned 4 Quarantine zone layouts 7675 | -5/Factory | Fabricated L-41 Fighter? 8012 | -5/Factory | Spotted B-75 Beast 8044 | -5/Factory | Entered Upper Caves 8045 | -5/Upper Caves | Identified exit to Upper Caves 8077 | -5/Upper Caves | Spotted B-75 Beast 8365 | -5/Upper Caves | Reached level 19 8424 | -5/Upper Caves | Attacked by a delusional Derelict stockpiling Unaware 8445 | -5/Upper Caves | Entered another Upper Caves area 8445 | -5/Upper Caves | Accompanied by 4 allies 8446 | -5/Upper Caves | Identified exit to Zhirov 8470 | -5/Upper Caves | Attracted the attention of an 0b10 checkpoint 8503 | -5/Upper Caves | Learned Factory emergency access door positions 8505 | -5/Upper Caves | Learned location of 2 exits from Upper Caves 8505 | -5/Upper Caves | Learned Research garrison access intel 8505 | -5/Upper Caves | Learned Armory garrison access intel 8530 | -5/Upper Caves | Entered Zhirov 8530 | -5/Zhirov | Accompanied by 4 allies 8530 | -5/Zhirov | Discovered new exit (range 3) 8531 | -5/Zhirov | Identified exit to Proximity Caves 8534 | -5/Zhirov | Met Zhirov 8534 | -5/Zhirov | Reached level 20 8534 | -5/Zhirov | Upgraded with Utility slot (x1) 8539 | -5/Zhirov | Learned location of Quarantine (-2) 8539 | -5/Zhirov | Learned location of Command (-1) 8543 | -5/Zhirov | Zhirov requested help retrieving the SGEMP Prototype 8548 | -5/Zhirov | Found Alien Artifact 8579 | -5/Zhirov | Identified Integrated Dissipator 8579 | -5/Zhirov | Installed Integrated Dissipator, increased core heat dissipation (+20) 8581 | -5/Zhirov | Found Alien Artifact 8581 | -5/Zhirov | Identified Transdimensional Reconstructor 8581 | -5/Zhirov | Warped through subspace 8758 | -5/Zhirov | Entered Proximity Caves 8758 | -4/Proximity Caves | Accompanied by 4 allies 8760 | -4/Proximity Caves | Attracted the attention of an 0b10 checkpoint 8842 | -4/Proximity Caves | Reached level 21 8999 | -4/Proximity Caves | Learned 4 Research zone layouts 9002 | -4/Proximity Caves | Discovered exit to Factory (range 3) 9036 | -4/Proximity Caves | Entered Factory 9037 | -4/Factory | Identified exit to Extension 9038 | -4/Factory | Identified exit to Research 9038 | -4/Factory | Reached level 22 9039 | -4/Factory | Identified exit to Armory 9040 | -4/Factory | Loaded intel: 101 trap records 9090 | -4/Factory | Discovered exit to Research (range 18) 9256 | -4/Factory | Unchained authorized (6S-H0T) 9364 | -4/Factory | Upgraded with Propulsion slot (x1) 9441 | -4/Factory | Reached level 23 9637 | -4/Factory | Fabricated Adv. Surge Thruster (x2) 9785 | -4/Factory | Core integrity fell below 50% 9879 | -4/Factory | Crushed by falling debris 9906 | -4/Factory | Destroyed 6S-H0T 9917 | -4/Factory | Found Prototype Device 9919 | -4/Factory | Found Prototype Ballistic Gun 9957 | -4/Factory | Identified Zeronet Interface 9959 | -4/Factory | Upgraded with Propulsion slot (x1) 9971 | -4/Factory | Identified 6S-H0T's Six Shooter 10023 | -4/Factory | Build established: Scientist-Ninja 10146 | -4/Factory | Discovered new exit (range 15) 10148 | -4/Factory | Identified exit to Upper Caves 10180 | -4/Factory | Incoming investigation squad redirected 10235 | -4/Factory | Reached level 24 10238 | -4/Factory | Core integrity fell below 20% 10249 | -4/Factory | Upgraded with Power slot (x1) 10445 | -4/Factory | Discovered exit to Research (range 5) 10536 | -4/Factory | First assault squad dispatched 10666 | -4/Factory | Fabricated Lgt. Regenerative Plating? 10694 | -4/Factory | Destroyed by G-67 Veteran with Field Laser Last Messages --------------- 10536_ >> BROADCAST: Garrison Access F001 dispatching Assault squad: C-45 Heavy ARC. 10536_ ALERT: Unidentified disturbance in Zone 1T, assault force dispatched. 10538_ Acquired 76 matter. 10541_ Acquired Adv. System Shield. 10563_ The unstable cave ceiling collapses. 10576_ U-05 Engineer builds a Wall. 10661_ ALERT: Cargo convoy en route, clear transfer corridor. 10666_ >> FABRICATOR: Completed Lgt. Regenerative Plating? 10686_ Acquired 123 matter. 10686_ Acquired 33 matter. 10691_ Sneak attack on G-67 Veteran. 10691_ G-67 Veteran destroyed. 10692_ ALERT: Potential suspicious activity detected, Programmers report to Factory Zone 2W. [Achievement: 20k Club] [Achievement: This Is Interesting...] [Achievement: Just Browsing] [Achievement: Achiever] Map ----- +----------------------------------------------------+ | ?????????????????????????????????????????????????? | | ???????????????????????????????????????????????>?? | | ?????????????????????????????????????????????????? | | ?????????????????????????????????????????????????? | | ????????????????#######??????????????????????????? | | ????????????????# #????######????????????????? | | ????????????????# [ #????# #????????????????? | | ????????????????# #????# #????????????????? | | ????????????????# """ #????# [ #????????????? ? | | ????????????????# """ ###### ]#????????????? ? | | ????????????????# """ + + ############## ? | | ????????????????# # # # ] [# ? | | ????????????????# """ # # ! # # # | | ????????????????# """ # #! # """" """" # # | | ????????????????#*""" # # # """" """"??# # | | ???????????????##[= # ##+###### """" """"??# # | | ????############% ! # # """ # """" """" + # | | ??? ####+### # """ # # # | | ??# """ """ ### # """ # """" """" # # | | ??# """ """ + + # """" """"??# # | | ??# """ """ ### # # """" """"??# # | | ??# #?## # ! = # """" """" # # | | ??# """ """ #??# ######### # # | | ??# """ """ #??# ##########+########### # | | ??#k """ """ #??# + # " | | ??# #??# #####@####### # # | | ??# #??# ## =%!"""" ## # # | | ??# #??# ## [[*"F!" ## # # | | ??# #??# ## g!g ## """ """ # # | | ??####+#########?## ## ! ## """ """ # # | | ?????????#########[ ############ """ """ + # | | ?k k + # # | | ??k??????######### ############ """ """ # # | | ????????????????###+####????????# """ """ # # | | ????????????????# #????????# """ """ # # | | ????????????????# #????????# # | | ????????????????# #????????##############t | | ????????????????# == #?????????????????????# | | ????????????????# = #????????????????????## | | ????????????????# = #????????????????????# | | ????????????????########????????????????????#T | | ??????????????????##"#????????????????????####k | | ?????????????????? u ???????????????????# | | ???????????????? ^ ?????????????????# | | ??????????????# ???????????????# | | ??????????????# #??????????????# | | ??????????????# ^ #??????????????# | | ??????????????#^ ^^ #??????????????# ## | | ??????????????# #??????????????# ## | | ??????????????# #??????????????#^^^^^"# | +----------------------------------------------------+ Best States ------------- Heat Dissipation 93 Energy Generation 78 Energy Capacity 330 Matter Stores 300 Matter Capacity 300 Sight Range 18 Robot Scan Range 22 Terrain Scan Range 16 Terrain Scan Density 210 ECM Strength 2 Jamming Range 16 Additional Mass Support 6 Corruption Containment 8 Point Defense Rating 80 Phase Shifting 5 Evasion (%) 86 Melee Accuracy 16 Core Analysis 6 Armor Integrity Analysis 40 Offensive Hacking 24 Defensive Hacking 24 Item Schematics ----------------- Combat Drone Bay | -6/Data Miner | Free Lgt. Regenerative Plating | -6/Data Miner | Free Enh. Armored Leg | -6/Data Miner | Free Imp. Matter Compressor | -6/Data Miner | Free Imp. Heavy Treads | -6/Data Miner | Free Thunder Hammer | -6/Data Miner | Free Adv. Actuator Array | -6/Data Miner | Free Phase Gun | -6/Data Miner | Free Imp. Focal Shield | -6/Data Miner | Free Adv. Surge Thruster | -6/Data Miner | Free Adv. Hardlight Generator | -6/Data Miner | Free Imp. Heavy Siege Treads | -6/Data Miner | Free Cmb. Antigrav System | -6/Data Miner | Free Assault Drone Bay | -5/Zhirov | Free Exp. Heat Sink | -5/Zhirov | Free Exp. Optical Array | -5/Zhirov | Free Imp. Arc Thrower | -5/Zhirov | Free Robot Schematics ------------------ H-66 Slayer | -6/Data Miner | Free E-15 Imp | -6/Data Miner | Free S-27 Virus | -6/Data Miner | Free Y-54 Guardian | -6/Data Miner | Free A-15 Conveyor | -6/Data Miner | Free Fabricated ------------ R-06 Scavenger | x2 | -6/Factory | Preloaded Adv. Surge Thruster | x2 | -5/Factory L-41 Fighter | x3 | -5/Factory | Preloaded Adv. Surge Thruster | x2 | -4/Factory Lgt. Regenerative Plating | x1 | -4/Factory Repaired ---------- Flight Unit | 50% | -10/Materials Flight Unit | 65% | -10/Materials Flight Unit | 30% | -6/Factory | Broken Studied --------- Flight Unit | -8/Materials | Hacked Scythe | -8/Materials | Hacked Great Maul | -8/Materials | Hacked Cesium-ion Thruster | -8/Materials | Hacked Katana | -8/Materials | Hacked Datajack | -8/Materials | Hacked Lgt. Nuclear Core | -8/Materials | Hacked Falx | -6/Factory | Hacked Adv. Surge Thruster | -5/Factory | Hacked Nuclear Pulse Thruster | -4/Factory | Hacked Power Sword | -4/Factory | Hacked Lgt. Angular Momentum Engine | -4/Factory | Hacked Imp. Fusion Compressor | -4/Factory | Hacked Impulse Thruster | -4/Factory | Hacked Mic. Fission Core | -4/Factory | Hacked Adv. Datajack | -4/Factory | Hacked Alien Tech Used ----------------- Core Expander Integrated Dissipator Transdimensional Reconstructor Achievements -------------- 20k Club Achiever Alien Tech Ambidextrous Assassin Bigger And Badder Can't Catch Me Dodgeball, But With Guns Explorer Hammer Time Just Browsing Knowing Is Half The Battle Melee Specialist Mistaken Identity More Power To You Myspace Overwhelming Prolific Hacker Rockin' Loadout Slippery One Speed Demon Subspace Traveler The Better Part Of Valor The Oracle The Science Guy This Is Interesting... Tune-up Watch This! We Love MA Whoosh! Window Shopping Challenges ------------ None RPGLIKE | -11 -10 -10 -10 -8 -7 -7 -6 -6 -6 -6 -5 -5 -5 -5 -5 -4 -4 --------- Run | Yrd Mat Min Sub Mat Fac DSF Fac Low Low Dat Pro Fac Upp Upp Zhi Pro Fac Levels Raised 23 | . 1 . 1 4 1 1 3 1 . 1 1 3 1 . 1 1 3 XP Earned 37966 | 3000 1975 750 1500 5750 1500 1350 4146 1500 850 650 1600 4660 950 700 650 1945 4490 XP Spent 37385 | 2250 1550 . 1700 6440 1535 1400 4045 2045 . . 2825 4600 90 . 3010 1000 4895 Upgrades 63 | 5 2 . 5 18 4 1 7 2 . . 3 3 1 . 2 1 9 Power Slot 2 | . . . 1 . . . . . . . . . . . . . 1 Propulsion Slot 5 | 1 . . 1 . . . 1 . . . . . . . . . 2 Utility Slot 9 | 1 1 . . 2 . . 1 1 . . 1 1 . . 1 . . Weapon Slot 5 | 1 . . . 1 1 1 . . . . . 1 . . . . . Core Integrity 4 | . . . . 1 1 . . 1 . . . . . . . . 1 Heat Dissipation 8 | . . . . . . . 2 . . . . . 1 . 1 . 4 Energy Generation 1 | . . . . . . . . . . . . . . . . . 1 Mass Support 2 | . . . 1 1 . . . . . . . . . . . . . Inventory Capacity 4 | 2 1 . . . . . . . . . . . . . . 1 . Sight Range 2 | . . . 1 1 . . . . . . . . . . . . . Sensor Range 11 | . . . . 6 1 . 1 . . . 2 1 . . . . . Terrain Scan Density 2 | . . . . 2 . . . . . . . . . . . . . Melee Accuracy 4 | . . . 1 3 . . . . . . . . . . . . . Hack Attack % 2 | . . . . 1 . . 1 . . . . . . . . . . Hack Defense % 2 | . . . . . 1 . 1 . . . . . . . . . . Protomatter Created 2522 | . 143 45 247 530 . . 135 191 90 . 62 388 51 59 . 350 231 Integrity Restored 5965 | . 376 273 591 1156 . . 418 442 263 . 23 762 153 168 . 501 839 Core 5222 | . 369 244 591 1053 . . 338 436 137 . . 641 153 67 . 366 827 Parts 743 | . 7 29 . 103 . . 80 6 126 . 23 121 . 101 . 135 12 Protomatter Decayed 639 | . 8 . 73 137 . . 181 . . . 53 . . . . 92 95 Game ------ Seed AuthchipBiocellLauncher Manual? 0 Play Time 05:57:12 Cumulative 36.3 hours Start 2025.10.29 @ 10:54:53 End 2025.10.29 @ 18:25:00 Sessions 1 Manual Loads 0 Difficulty Rogue Special Mode Winter2019/RPGLIKE Game No. 33 Rogue 33 Adventurer 0 Explorer 0 Win Type - Total 0 Types 0/0/0/0/0/0/0/0/0/0 Lore% 27 Gallery% 27 Achievement% 25 Wizard Run 0 Options --------- Layout 0 ASCII 0 Keyboard 0 Movement Mouse Keybinds 0 Fullscreen 2 Font 24/Smallcaps Map View 76x50 Zoom Use 0% Tactical HUD 1 Map Filters NONE Filters NONE Steam 1 RUN: 89165caa-b587-4c60-96bc-3dbfd9518843